 Dungeon Crawl Stone Soup version 0.18-a0-1040-g4865665 (webtiles) character file.

92 Reinor the Poker (level 4, -2/36 HPs)
             Began as a Centaur Gladiator on Jan 10, 2016.
             Killed from afar by Robin (15 damage)
             ... with a wand of frost
             ... on level 3 of the Dungeon.
             The game lasted 00:08:13 (1846 turns).

Reinor the Poker (Centaur Gladiator)                Turns: 1846, Time: 00:08:14

Health: -2/36      AC:  7    Str: 19    XL:     4   Next: 35%
Magic:  4/4        EV:  9    Int:  7    God:
Gold:   140        SH:  0    Dex:  9    Spells: 0 memorised, 3 levels left

rFire  + . .     SeeInvis .     a - +1 trident
rCold  x . .     Gourm    .     b - +0 leather armour
rNeg   . . .     Faith    .     (no shield)
rPois  .         Spirit   .     m - +2 hat
rElec  .         Dismiss  .     (no cloak)
rCorr  .         Reflect  .     o - +0 pair of gloves
SustAt .         Harm     .     (no barding)
MR     +....                    (no amulet)
Stlth  ..........               (no ring)
                                l - ring of fire

@: very quick, somewhat resistant to hostile enchantments, extremely unstealthy
A: hooves 3, deformed body, speed 2, magic resistance 1, tough skin 3
a: no special abilities


You were on level 3 of the Dungeon.
You were not hungry.

You visited 1 branch of the dungeon, and saw 3 of its levels.

You collected 140 gold pieces.

Inventory:

Hand Weapons
 a - a +1 trident (weapon)
Missiles
 d - 3 throwing nets (quivered)
Armour
 b - a +0 leather armour (worn)
 m - a +2 hat (worn)
 o - a +0 pair of gloves (worn)
Jewellery
 l - a ring of fire (left hand)
Scrolls
 e - 2 scrolls of enchant weapon
 g - a scroll of identify
Potions
 c - a potion of heal wounds
 h - a potion of magic
 k - a potion of curing {unknown}
Comestibles
 f - 3 bread rations
 i - 3 fruits
 j - 2 meat rations
 n - a chunk of flesh


   Skills:
 - Level 2.0 Fighting
 + Level 4.7 Polearms
 - Level 2.1 Throwing
 - Level 2.1 Dodging


You had 3 spell levels left.
You didn't know any spells.

Dungeon Overview and Level Annotations

Branches:
Dungeon (3/15)

Altars:
Gozag

Annotations:
D:3 Robin


Innate Abilities, Weirdness & Mutations

You have hooves in place of feet.
Armour fits poorly on your strangely shaped body.
You cover ground very quickly.
You have extremely tough skin (AC +3).
You are resistant to hostile enchantments.


Message History

You see here a goblin corpse.
You hit Robin but do no damage. Your kick misses Robin.
Robin zaps a wand.
The puff of frost hits you!
You feel a terrible chill!
It is a wand of frost.
You hit Robin. Your kick misses Robin.
Robin is moderately wounded.
Robin throws the goblin at you! The goblin hits you but does no damage.
Drink which item? (? for menu, Esc to quit)
Okay, then.
You hit the goblin.
You kill the goblin!
Robin throws the goblin at you! The goblin hits you but does no damage.
You miss Robin. You kick Robin, but do no damage.
Robin is moderately wounded.
Robin zaps a wand.
The puff of frost hits you!
You feel a terrible chill! The goblin hits you with a club.
You completely miss the goblin. Your kick misses the goblin.
Robin roars a battlecry!
The goblins go into a battle-frenzy!
Robin zaps a wand.
The puff of frost hits you!
You feel a terrible chill!
You die...

## #. #.## #...
#..# ###.#
#g.###.# #.....#
#......# #.#.#.#
#g#######.#.#.####
#gg@g..##.#.......
######.#.......#
#.#.......###.
#....)†.......
#############
###.##.##.### #
#.....##....#
#.##.##.#
###.###.##..#.##
#.......#
...........###.#
####.####
###.###.##..#.##
#...#


You could see Robin, a hobgoblin (frenzied) and 2 goblins.

Vanquished Creatures
  An adder (D:3)
  An ooze (D:1)
  5 giant geckos
  2 giant cockroaches (D:1)
  15 goblins
  3 hobgoblins
  10 jackals
  7 kobolds
  A quokka (D:2)
  A ball python (D:2)
  9 bats
  3 giant newts
  8 rats
66 creatures vanquished.

Notes
Turn   | Place    | Note
--------------------------------------------------------------
     0 | D:1      | Reinor the Centaur Gladiator began the quest for the Orb.
     0 | D:1      | Reached XP level 1. HP: 17/17 MP: 1/1
    85 | D:1      | Reached skill level 3 in Polearms
   111 | D:1      | Reached XP level 2. HP: 24/24 MP: 2/2
   388 | D:1      | Reached XP level 3. HP: 12/29 MP: 3/3
   458 | D:1      | Gained mutation: You are resistant to hostile enchantments. [potion of mutation]
   458 | D:1      | Gained mutation: You are clumsy. (Dex -2) [potion of mutation]
   458 | D:1      | Lost mutation: You are clumsy. (Dex -2) [potion of mutation]
  1092 | D:2      | Found a faded altar to an unknown god.
  1101 | D:2      | Reached skill level 4 in Polearms
  1120 | D:2      | Found an opulent altar of Gozag.
  1741 | D:3      | Reached XP level 4. HP: 26/36 MP: 4/4
  1824 | D:3      | Noticed Robin
  1846 | D:3      | Killed from afar by Robin

Vault maps used:
D:1:      minmay_arrival_loop, minivault_27, minivault_4,
          minmay_tree_intersection, serial_bayou_lagoon_b
D:2:      grunt_gozag_statues, ecumenical_altar_2, st_stairs_5
D:3:      first_bread, uniq_robin

Action                   |  1- 3 |  4- 6 || total
-------------------------+-------+-------++-------
Melee: Trident           |   139 |    27 ||   166
  Use: Scroll            |     7 |       ||     7
       Potion            |     1 |       ||     1
  Eat: Chunk             |     1 |     1 ||     2
